 Dungeon Crawl Stone Soup version 0.14-a0-953-g9e7f188 (webtiles) character file.

12453 4tharraofdagon the Grappler (level 11, -1/108 HPs)
             Began as a Troll Transmuter on Nov 19, 2013.
             Was a High Priest of Makhleb.
             Hit by a tomahawk thrown by an orc warrior (19 damage)
             ... led by an orc high priest
             ... on Level 3 of the Orcish Mines on Nov 20, 2013.
             The game lasted 00:56:19 (6534 turns).

4tharraofdagon the Grappler (Troll Transmuter)      Turns: 6534, Time: 00:56:19

HP  -1/108       AC  5     Str 20      XL: 11   Next: 52%
MP  12/15        EV  9     Int 16      God: Makhleb [*****.]
Gold 802         SH  0     Dex 10      Spells:  4 memorised,  5 levels left

Res.Fire  : x . .   See Invis. : .     - Unarmed
Res.Cold  : + + +   Warding    : .   c - melded +0 robe
Life Prot.: . . .   Conserve   : .   h - melded +0 shield
Res.Poison: +       Res.Corr.  : +   B - melded +0 wizard hat {Int+3}
Res.Elec. : .       Clarity    : .   z - melded +0 elf cloak
Sust.Abil.: . .     Spirit.Shd : .   (gloves unavailable)
Res.Mut.  : .       Stasis     : .   (boots unavailable)
Res.Rott. : .       Flight     : .   p - amulet of resist corrosion
Gourmand  : +                        k - +2 ring of intelligence
                                     l - cursed ring of wizardry

@: ice-form, somewhat resistant to hostile enchantments, unstealthy
A: unfitting armour, (antennae 0), (claws 0), clever 1, fast metabolism 3, frail
1, gourmand, regeneration 2, saprovore 2, (shaggy fur 0), spit poison 1, (tough
skin 0), evolution 1
a: Spit Poison, End Transformation, Minor Destruction, Lesser Servant of
Makhleb, Major Destruction, Greater Servant of Makhleb, Renounce Religion


You were on level 3 of the Orcish Mines.
You worshipped Makhleb.
Makhleb was extremely pleased with you.
You were very full.
You were a creature of crystalline ice.
You visited 3 branches of the dungeon, and saw 17 of its levels.
You also visited: Bailey.

You collected 802 gold pieces.

Inventory:

Hand weapons
 j - a +0,+1 trident of dragon slaying
Missiles
 b - 12 arrows
Armour
 c - a +0 robe (melded)
 e - a +1 orcish large shield of poison resistance
 h - a +0 shield (melded)
 t - the +0 wizard hat of the Gods {rF++}
   (You acquired it on level 12 of the Dungeon)

   It greatly protects you from fire.
 z - a +0 elven cloak (melded)
 B - a +0 wizard hat of intelligence (melded)
 G - a +0 cloak
 L - a +1 gold dragon armour
Magical devices
 E - a wand of disintegration (6)
 M - a wand of magic darts (6)
Comestibles
 a - 2 meat rations
 n - 5 bread rations
 s - an apple
 F - 2 pears
 O - 5 bananas
 S - 7 rambutans
 T - 6 apricots
 U - 4 lemons
 V - 4 oranges
Scrolls
 g - 3 scrolls of remove curse {unknown}
 i - 2 scrolls of random uselessness
 m - 3 scrolls of curse jewellery {unknown}
 r - 3 scrolls of fear {unknown}
 u - 3 scrolls of enchant weapon I {unknown}
 v - 2 scrolls of amnesia {unknown}
 x - a scroll of recharging
 A - 2 scrolls of silence {unknown}
 D - a scroll of curse weapon {unknown}
 H - a scroll of fog
 J - a scroll of immolation {unknown}
Jewellery
 k - a +2 ring of intelligence (right paw)
 l - a cursed ring of wizardry (left paw)
 p - an amulet of resist corrosion (around neck)
 w - an uncursed ring of see invisible
 y - an uncursed ring of sustenance
 I - an uncursed amulet of stasis
 Q - an uncursed ring of protection from fire {unknown}
Potions
 q - a potion of curing
 N - 3 potions of agility {unknown}
 P - a potion of confusion
Books
 d - a book of Changes

   Spells                             Type                      Level
   *Beastly Appendage                 Transmutation                1
   Sticks to Snakes                   Transmutation                2
   *Spider Form                       Transmutation/Poison         3
   *Ice Form                          Ice/Transmutation            4
   *Blade Hands                       Transmutation                5
Miscellaneous
 C - a lamp of fire (inert)
 K - an ornate deck of changes


   Skills:
 + Level 6.0 Fighting
 - Level 1.5 Dodging
 - Level 6.3 Shields
 * Level 10.9 Unarmed Combat
 - Level 4.0 Spellcasting
 - Level 6.7 Transmutations
 - Level 0.5 Invocations
 + Level 2.5 Evocations


You had 5 spell levels left.
You knew the following spells:

 Your Spells              Type           Power        Failure   Level  Hunger
a - Beastly Appendage     Trmt           ###...       1%          1    None
b - Spider Form           Trmt/Pois      ##........   5%          3    ###....
c - Ice Form              Ice/Trmt       ##........   22%         4    ####...
d - Blade Hands           Trmt           ###.......   13%         5    #####..


Dungeon Overview and Level Annotations

Branches:
Dungeon (13/16)            Temple (1/1) D:7             Orc (3/4) D:10
    Elf: Orc:3-4       Lair: D:8-13

Altars:
Ashenzari
Cheibriados
Elyvilon
Fedhas
Kikubaaqudgha
Makhleb
Sif Muna
Trog
Vehumet
Xom
Yredelemnul
Zin
the Shining One

Shops:
Orc:3 =

Annotations:
D:10 ORC PORK
D:13 Maurice


Innate Abilities, Weirdness & Mutations

You are too large for most types of armour.
((You have claws for hands.))*
Your metabolism is lightning-fast.
You like to eat raw meat.
You heal very quickly.
You can eat rotten meat.
((You are covered in fur (AC +1).))*
((You have very tough skin (AC +2).))*
((You have a pair of small antennae on your head.))*
Your mind is acute. (Int +2)
You are frail (-10% HP).
You can spit poison.
You evolve.


Message History

Your +0 shield melds into your body.
Your +0 robe melds into your body.
Unknown command.
You punch the orc priest! You freeze the orc priest.
The orc priest is severely wounded.
The orc priest hits you with an orcish hand axe!
* * * LOW HITPOINT WARNING * * *
You pummel the orc priest!! You freeze the orc priest.
You kill the orc priest!
Makhleb accepts your kill.
You hit the orc. You freeze the orc.
You kill the orc!
Makhleb accepts your kill.
You feel a little better.
An orc comes into view. It is wielding an orcish club.
The orc shouts!
Things that are here:
an orcish leather armour; 14 gold pieces; an orcish mace; an orc corpse The orc warrior shouts!
The orc warrior throws a tomahawk.
The tomahawk hits you!
You die...

#......#........
#...o.#.......#.
#..............
##...(.........
##.$(.........
#...%%.$...$..
##(#..........
##.#[####.......
#....I#.#.....>
#...#.#.)o....$.
#........#......
#............$..
##.#.......... .
#####..##.#...#
#### #####


You could see an orc warrior.

Vanquished Creatures
  Gastronok (D:9)
  An orc high priest (Orc:3)
  An unseen horror (D:12)
  Pikel (D:5)
  Joseph (D:9)
  An orc knight (Bailey)
  An octopode (D:12)
  A two-headed ogre (Orc:2)
  2 trolls
  2 hydra skeletons (D:11)
  4 hungry ghosts
  A manticore (D:9)
  A wyvern (D:12)
  2 hippogriffs
  7 orc warriors
  A necrophage (D:8)
  2 black bears (D:11)
  A slave (D:4)
  2 ice beasts
  13 ogres
  3 sky beasts
  A crocodile (D:7)
  4 phantoms
  2 tengu (D:11)
  2 centaurs
  2 wargs
  Blork the orc (D:4)
  A water moccasin (D:9)
  2 eyes of draining (D:8)
  A troll zombie (D:10)
  A yak zombie (D:12)
  5 killer bees (D:7)
  A hippogriff skeleton (D:6)
  8 wights
  A crimson imp (D:5)
  4 hounds
  A goliath beetle (D:8)
  A quasit (D:11)
  10 orc priests
  6 orc wizards
  A giant frog skeleton (D:5)
  An iguana (D:8)
  11 worker ants
  3 scorpions
  9 ogre zombies
  A mummy (D:10)
  8 adders
  4 gnolls (D:8)
  A giant centipede (D:9)
  A worm zombie (D:7)
  A giant mite (D:8)
  5 worms
  A scorpion zombie (D:10)
  An adder zombie (D:5)
  The ghost of 4tharraofdagon the Ruffian, a weakling OgTm (D:3)
  A giant eyeball (D:11)
  2 giant geckos
  An ooze (D:1)
  73 orcs
  A ball python (D:1)
  11 bats
  10 goblins
  4 hobgoblins
  11 jackals
  A giant gecko zombie (D:7)
  A giant newt (D:1)
  3 goblin skeletons (D:10)
  2 goblin zombies (D:10)
  3 hobgoblin zombies (D:10)
  12 kobolds
  3 orc skeletons (D:10)
  15 orc zombies (D:10)
  2 quokkas
  A quokka skeleton (D:5)
  2 rats
  2 rat skeletons
313 creatures vanquished.

Vanquished Creatures (collateral kills)
  An orc knight (Bailey)
  3 orc warriors (Bailey)
4 creatures vanquished.

Vanquished Creatures (others)
  An orange demon (Bailey)
  A smoke demon (D:12)
  A ynoxinul (Bailey)
  2 neqoxecs (Bailey)
  A slave (D:4)
  An ufetubus (Bailey)
  A hobgoblin (D:4)
8 creatures vanquished.

Grand Total: 325 creatures vanquished

Notes
Turn   | Place    | Note
--------------------------------------------------------------
     0 | D:1      | 4tharraofdagon, the Troll Transmuter, began the quest for the Orb.
     0 | D:1      | Reached XP level 1. HP: 19/19 MP: 1/1
    61 | D:1      | Gained mutation: You have a pair of small antennae on your head. [potion of mutation]
    61 | D:1      | Gained mutation: Your mind is acute. (Int +2) [potion of mutation]
    61 | D:1      | Gained mutation: You are frail (-10% HP). [potion of mutation]
   133 | D:1      | Reached XP level 2. HP: 19/24 MP: 1/1
   337 | D:2      | Reached skill level 1 in Fighting
   344 | D:2      | Reached XP level 3. HP: 29/29 MP: 3/3
   357 | D:2      | Learned a level 3 spell: Spider Form
   547 | D:3      | Found a bloodstained altar of Trog.
   548 | D:3      | Found a basalt altar of Yredelemnul.
   549 | D:3      | Found a snail-covered altar of Cheibriados.
   587 | D:4      | Noticed a slave
   615 | D:4      | Killed a slave
   666 | D:4      | Noticed Blork the orc
   679 | D:5      | Entered Level 5 of the Dungeon
   683 | D:5      | Noticed a sky beast
   706 | D:6      | Noticed an ice beast
   771 | D:7      | Reached XP level 4. HP: 26/36 MP: 3/3
   788 | D:7      | Found a staircase to the Ecumenical Temple.
   794 | Temple   | Entered the Ecumenical Temple
   826 | Temple   | Became a worshipper of Makhleb the Destroyer
   883 | D:7      | Found a shattered altar of Ashenzari.
   883 | D:7      | Found a radiant altar of Vehumet.
   947 | D:7      | Reached skill level 4 in Unarmed Combat
  1001 | D:7      | Reached XP level 5. HP: 33/43 MP: 4/4
  1016 | D:8      | Noticed a necrophage
  1024 | D:8      | Killed a necrophage
  1065 | D:9      | Noticed a manticore
  1079 | D:8      | Noticed an ogre
  1092 | D:8      | Killed an ogre
  1092 | D:8      | Reached XP level 6. HP: 28/51 MP: 6/6
  1106 | D:8      | Learned a level 4 spell: Ice Form
  1154 | D:8      | Reached skill level 5 in Unarmed Combat
  1228 | D:8      | Acquired Makhleb's first power
  1263 | D:7      | Noticed a crocodile
  1272 | D:7      | Killed a crocodile
  1382 | D:6      | Noticed a centaur
  1393 | D:6      | Killed a centaur
  1393 | D:6      | Reached XP level 7. HP: 5/56 MP: 7/7
  1574 | D:4      | Killed Blork the orc
  1604 | D:4      | Noticed Pikel
  1604 | D:4      | Noticed a slave
  1604 | D:4      | Noticed a slave
  1605 | D:4      | Noticed a slave
  1645 | D:5      | Killed Pikel
  1645 | D:5      | Reached skill level 6 in Unarmed Combat
  1645 | D:5      | Reached XP level 8. HP: 36/64 MP: 2/8
  1712 | D:4      | Noticed an ogre
  1718 | D:4      | Killed an ogre
  1731 | D:4      | Killed a freed slave
  1831 | D:4      | Gained mutation: You digest meat inefficiently. [potion of mutation]
  1831 | D:4      | Lost mutation: You digest meat inefficiently. [potion of mutation]
  1896 | D:4      | Noticed a phantom
  1919 | D:4      | Killed a phantom
  1977 | D:4      | Acquired Makhleb's second power
  2019 | D:3      | Noticed 4tharraofdagon's ghost (weakling OgTm)
  2026 | D:3      | Killed 4tharraofdagon's ghost
  2040 | D:4      | You fall through a shaft!
  2087 | D:5      | Reached skill level 7 in Unarmed Combat
  2169 | D:5      | Reached skill level 5 in Transmutations
  2194 | D:6      | Noticed an orc warrior
  2228 | D:5      | Upgraded the game from 0.14-a0-942-gbd853f2 to 0.14-a0-953-g9e7f188
  2275 | D:5      | Killed a sky beast
  2316 | D:6      | Killed an ice beast
  2380 | D:6      | Learned a level 5 spell: Blade Hands
  2529 | D:7      | Noticed an ogre
  2569 | D:7      | Killed an ogre
  2586 | D:7      | Noticed an ice beast
  2594 | D:7      | Killed an ice beast
  2594 | D:7      | Reached XP level 9. HP: 60/72 MP: 11/11
  2844 | D:9      | Killed a manticore
  2887 | D:9      | Noticed a phantom
  2898 | D:9      | Killed a phantom
  2898 | D:9      | Acquired Makhleb's third power
  2898 | D:9      | Reached skill level 8 in Unarmed Combat
  2969 | D:9      | Noticed Gastronok
  2971 | D:9      | Paralysed by a giant eyeball for 3 turns
  3003 | D:9      | Daniel: hey
  3017 | D:9      | 4tharraofdagon: hey
  3056 | D:9      | Killed Gastronok
  3078 | D:9      | Noticed an ogre
  3082 | D:9      | Killed an ogre
  3144 | D:9      | Noticed an ogre
  3151 | D:9      | Killed an ogre
  3174 | D:9      | Noticed Joseph
  3197 | D:9      | Killed Joseph
  3197 | D:9      | Reached skill level 9 in Unarmed Combat
  3197 | D:9      | Reached XP level 10. HP: 45/82 MP: 8/14
  3215 | D:9      | Identified a scroll of acquirement
  3279 | D:8      | Found a glowing golden altar of the Shining One.
  3310 | D:8      | Gained mutation: You evolve. [potion of beneficial mutation]
  3394 | D:9      | Noticed an ogre
  3400 | D:9      | Killed an ogre
  3501 | D:10     | Entered Level 10 of the Dungeon
  3563 | D:10     | Reached skill level 5 in Fighting
  3608 | D:10     | Found a flagged portal.
  3628 | Bailey   | Entered a bailey
  3698 | Bailey   | Ladykiller69: whats the chance on his ice form :O!?
  3740 | Bailey   | 4tharraofdagon: this
  3740 | Bailey   | Ladykiller69: impressive
  3744 | Bailey   | Noticed an orc knight
  3746 | Bailey   | Ladykiller69: for a troll
  3797 | Bailey   | Daniel: 19int helps a lot
  3800 | Bailey   | Noticed an orc knight
  3802 | Bailey   | Ladykiller69: hes just been leveling int?
  3804 | Bailey   | Daniel: +items
  3840 | Bailey   | :(
  3841 | Bailey   | Ladykiller69: inthat?
  3857 | Bailey   | Daniel: this bailey kinda sucks
  3858 | Bailey   | Killed an orc knight
  3865 | Bailey   | Ladykiller69: its fun
  3878 | Bailey   | Ladykiller69: if you have mephcloud
  3882 | Bailey   | Daniel: hard enemies and crap items
  3894 | Bailey   | Ladykiller69: I found CPA here once
  3902 | Bailey   | Daniel: yes, if you have meph its easy
  4013 | Bailey   | Daniel: hmm
  4013 | Bailey   | Ladykiller69: this
  4015 | Bailey   | Ladykiller69: is quite amusing
  4031 | Bailey   | Daniel: gda or spells
  4041 | Bailey   | Ladykiller69: yeh xD
  4105 | Bailey   | 4tharraofdagon: spells
  4198 | Bailey   | Killed an orc knight
  4198 | Bailey   | Reached skill level 1 in Shields
  4198 | Bailey   | Reached skill level 1 in Evocations
  4203 | Bailey   | Ladykiller69: gratz
  4235 | D:10     | Ladykiller69: whatcha wieldin?
  4235 | D:10     | 4tharraofdagon: this
  4235 | D:10     | Ladykiller69: uuh
  4235 | D:10     | Ladykiller69: evo
  4310 | D:10     | Ladykiller69: mutation
  4328 | D:11     | Daniel: frail=(
  4338 | D:10     | 4tharraofdagon: i dont care
  4338 | D:10     | 4tharraofdagon: ill end with statue form
  4354 | D:11     | Reached skill level 10 in Unarmed Combat
  4377 | D:11     | Daniel: yeah, its not that significant in the early game
  4428 | D:11     | Daniel: but i just hate it
  4620 | D:13     | Noticed a skeletal warrior
  4620 | D:13     | Noticed a skeletal warrior
  4701 | D:12     | Noticed an octopode
  4720 | D:12     | Killed an octopode
  4751 | D:12     | Acquired Makhleb's fourth power
  4787 | D:12     | timbw: hi
  4787 | D:12     | Daniel: hi
  4813 | D:12     | timbw: arra
  4821 | D:12     | timbw: use the acquirement?
  4823 | D:12     | Gained mutation: You can spit poison. [evolution]
  4824 | D:12     | 4tharraofdagon: idk what for
  4824 | D:12     | timbw: pray for a dragou armour?
  4824 | D:12     | timbw: oh
  4824 | D:12     | timbw: i dont know for what then either
  4897 | D:12     | timbw: nah i would still go armour
  4909 | D:12     | Got a warped wizard hat
  4910 | D:12     | Identified the +0 wizard hat of the Gods {rF++} (You acquired it on level 12 of the Dungeon)
  4917 | D:12     | Daniel: lol
  4923 | D:12     | Daniel: nice one :)
  4925 | D:12     | 4tharraofdagon: not bad
  4927 | D:11     | Ladykiller69: wow
  4939 | D:11     | Daniel: isnt it better to go with gda
  4966 | D:11     | Daniel: if you large shield?
  4997 | D:11     | Ladykiller69: welllll
  5006 | D:11     | Ladykiller69: look at his skills
  5168 | D:11     | Reached skill level 5 in Shields
  5343 | D:12     | Reached XP level 11. HP: 90/90 MP: 15/15
  5475 | D:12     | Killed an unseen horror
  5618 | D:13     | Noticed Maurice
  5631 | D:13     | Noticed a skeletal warrior
  5794 | D:10     | Found a staircase to the Orcish Mines.
  5836 | D:10     | Acquired Makhleb's fifth power
  5945 | Orc:1    | Entered Level 1 of the Orcish Mines
  6287 | Orc:1    | timbw: annoying
  6288 | Orc:1    | timbw: to find gda
  6292 | Orc:1    | timbw: with this low str
  6292 | Orc:1    | timbw: :(
  6463 | Orc:3    | Noticed an orc high priest
  6471 | Orc:3    | Noticed a soul eater
  6497 | Orc:3    | HP: 2/108 [orc high priest/orcish hand axe (5)]
  6503 | Orc:3    | Killed an orc high priest
  6504 | Orc:3    | Found Churutoato's Jewellery Boutique.
  6509 | Orc:3    | hurdos: H, brave ice beast :)
  6534 | Orc:3    | Hit by a tomahawk thrown by an orc warrior

Action                   |  1- 3 |  4- 6 |  7- 9 | 10-12 || total
-------------------------+-------+-------+-------+-------++-------
Melee: Unarmed           |   131 |    73 |   315 |   580 ||  1099
Throw: Javelin           |       |    22 |     3 |     6 ||    31
       Throwing net      |       |     1 |       |     1 ||     2
 Cast: Spider Form       |     2 |     1 |       |     1 ||     4
       Ice Form          |       |       |     3 |    14 ||    17
       Blade Hands       |       |       |     1 |     1 ||     2
Invok: Lesser Servant of |       |       |     1 |     8 ||     9
       Minor Destruction |       |       |       |    59 ||    59
 Abil: End Transformatio |       |       |       |     2 ||     2
Evoke: Wand              |       |       |     1 |     8 ||     9
       lamp of fire      |       |       |       |     1 ||     1
  Use: Potion            |     1 |     1 |     3 |     6 ||    11
       Scroll            |       |     3 |     5 |    10 ||    18
 Stab: Sleeping          |       |       |       |     4 ||     4
       Distracted        |       |       |       |     1 ||     1
